 Dungeon Crawl Stone Soup version 0.20-a0-492-g6327889 (webtiles) character file.

75 pichaelthompson the Skirmisher (level 4, 0/36 HPs)
             Began as a Demonspawn Chaos Knight on Jan 15, 2017.
             Slain by an orc
             ... wielding a +0 trident
              (2 damage)
             ... on level 2 of the Dungeon.
             The game lasted 00:07:50 (2124 turns).

pichaelthompson the Skirmisher (DsCK)               Turns: 2124, Time: 00:07:50

Health: 0/36       AC: 16    Str: 13    XL:     4   Next: 11%
Magic:  4/4        EV:  3    Int: 13    God:    Xom [..*...]
Gold:   127        SH:  7    Dex: 13    Spells: 3/3 levels left

rFire    . . .     SeeInvis .   a - +0 spear (chaos)
rCold    + . .     Gourm    .   f - +2 chain mail {rPois}
rNeg     . . .     Faith    .   r - +0 shield
rPois    +         Spirit   .   (no helmet)
rElec    .         Reflect  .   (no cloak)
rCorr    +         Harm     .   (no gloves)
MR       .....                  (no boots)
Stlth    ..........             (no amulet)
Regen    0.1/turn               b - ring of protection from cold
                                k - ring of resist corrosion

@: sanguine armour
A: sanguine armour 1
a: Renounce Religion


You were on level 2 of the Dungeon.
You worshipped Xom.
You were a toy of Xom.
You were hungry.

You visited 1 branch of the dungeon, and saw 3 of its levels.

You collected 127 gold pieces.

Inventory:

Hand Weapons
 a - a +0 spear of chaos (weapon)
Armour
 f - a +2 chain mail of poison resistance (worn)
 r - a +0 shield (worn)
Jewellery
 b - a ring of protection from cold (right hand)
 k - a ring of resist corrosion (left hand)
Scrolls
 d - 4 scrolls of amnesia
 h - a scroll of immolation {unknown}
 i - 5 scrolls of identify {unknown}
 j - a scroll of remove curse
 n - a scroll of noise {unknown}
 q - a scroll of recharging {unknown}
Potions
 e - a potion of curing {unknown}
 g - a potion of mutation {unknown}
 l - a potion of cancellation {unknown}
 m - a potion of haste {unknown}
Comestibles
 c - 4 bread rations
 o - 4 fruits


   Skills:
 + Level 3.6 Fighting
 + Level 3.4 Polearms
 + Level 2.4 Armour
 + Level 1.4 Dodging
 + Level 0.2 Stealth
 + Level 0.1 Shields


You had 3 spell levels left.
You didn't know any spells.

Dungeon Overview and Level Annotations

Branches:
Dungeon (3/15)

Altars:
Gozag


Innate Abilities, Weirdness & Mutations

When seriously injured, your bleeding wounds create armour. (AC +6)


Message History

A hobgoblin comes into view. It is wielding a club.
You closely miss the orc. The orc hits you but does no damage.
You block the orc's attack. The orc hits you but does no damage. x3
You barely miss the orc. The orc hits you but does no damage.
You block the orc's attack. The orc hits you but does no damage. x2
Your shield and chain mail prevent you from hitting the orc.
The orc hits you but does no damage. x2
The orc hits you with a falchion of electrocution.
* * * LOW HITPOINT WARNING * * *
The orc hits you but does no damage. You block the orc's attack.
You hit the orc.
Waves of light ripple over the orc's body.
The orc is moderately wounded.
The orc hits you but does no damage. x3; You block the orc's attack.
The orc hits you but does no damage.
You barely miss the orc.
The orc is moderately wounded.
You block the orc's attack. The orc hits you but does no damage. x2
The orc hits you with a trident.
You die...

..###.# #.# ##...## # #.#
#.# #.# ##'## # #.# #.# #.#
#.# # #.###.# ##.########
#.# # ......#
#.........####.##### #
#.#####
#..######..........# # #.#
##....>.....#.....#.# # #.#
##.....####o.##...##.######
#.#
#.......go@o...............
..#
#......)###o)###.###.######
### #............###.###.#
##.....####..........#
##.........####.##########
###..######### #.# #......#
##....#### #.# #.####.#
#..##....## #.# #.# #.#
#.##..##..# #.###.####.#


You could see 4 orcs and a hobgoblin.

Vanquished Creatures
  3 adders (D:2)
  2 leopard geckos (D:1)
  An orc (D:3)
  A giant cockroach (D:2)
  6 goblins
  5 hobgoblins
  5 jackals
  9 bats
  3 frilled lizards
  5 kobolds
  4 rats
44 creatures vanquished.

Vanquished Creatures (collateral kills)
  A leopard gecko (D:2)
1 creature vanquished.

Grand Total: 45 creatures vanquished

Notes
Turn   | Place    | Note
-------+----------+-------------------------------------------
     0 | D:1      | pichaelthompson the Demonspawn Chaos Knight began the quest for the Orb.
     0 | D:1      | Reached XP level 1. HP: 18/18 MP: 1/1
   229 | D:1      | Reached skill level 1 in Dodging
   229 | D:1      | Gained mutation: When seriously injured, your bleeding wounds create armour. (AC +6) [demonic ancestry]
   229 | D:1      | Reached XP level 2. HP: 19/24 MP: 2/2
  1027 | D:2      | XOM: noise
  1064 | D:2      | XOM: harmless Air miscast
  1156 | D:2      | XOM: harmless Erth miscast
  1220 | D:2      | Reached XP level 3. HP: 27/29 MP: 3/3
  1502 | D:2      | Reached XP level 4. HP: 22/36 MP: 4/4
  1837 | D:2      | Found an opulent altar of Gozag.
  1910 | D:2      | XOM: mild Summ miscast
  1918 | D:2      | XOM: smoke on damage
  2124 | D:2      | Slain by an orc

Vault maps used:
D:1:      dpeg_arrival_subterranean_lakeside_camping
D:2:      lemuel_doored_altar, minmay_pentomino_w4

Skill      XL: |  1  2 |
---------------+-------+-----
Dodging        | 1 |  1.4
Armour         | 2 |  2.4
Polearms       | 3 |  3.4
Fighting       | |  3.6
Stealth        | |  0.2
Shields        | |  0.1

Action                   |  1- 3 |  4- 6 || total
-------------------------+-------+-------++-------
Melee: Spear             |   131 |    46 ||   177
  Use: Scroll            |     2 |       ||     2
 Stab: Petrifying        |     1 |       ||     1
  Eat: Chunk             |     2 |     1 ||     3
Armor: Leather armour    |    19 |       ||    19
       Chain mail        |   115 |    75 ||   190
Dodge: Dodged            |    83 |    11 ||    94
Block: Shield            |    22 |    29 ||    51
